 Dungeon Crawl Stone Soup version 0.29-a0-334-gb41bcbb86e (webtiles) character file.

Game seed: 11748355758315301936

660 KateM the Slasher (level 7, -7/63 HPs)
             Began as a Minotaur Fighter on Apr 15, 2022.
             Mangled by an ice beast (13 damage)
             ... on level 4 of the Dungeon.
             The game lasted 00:04:17 (3726 turns).

KateM the Slasher (Minotaur Fighter)                Turns: 3726, Time: 00:04:17

Health: -7/63      AC: 11    Str: 23    XL:     7   Next: 30%
Magic:  6/6        EV:  9    Int:  5    God:
Gold:   181        SH:  9    Dex:  9    Spells: 6/6 levels left

rFire   . . .      SeeInvis .   a - +0 long sword
rCold   . . .      Faith    .   c - +0 buckler
rNeg    . . .      Spirit   .   b - +0 scale mail
rPois   .          Reflect  +   (helmet restricted)
rElec   .          Harm     .   (no cloak)
rCorr   .          Rampage  .   (no gloves)
Will    .....                   (no boots)
Stlth   ..........              q - amulet of reflection
HPRegen 0.20/turn               l - +4 ring of protection
MPRegen 0.10/turn               (no ring)

@: no status effects
A: horns 2, retaliatory headbutt
a: no special abilities


You were on level 4 of the Dungeon.
You visited 1 branch of the dungeon, and saw 5 of its levels.

You collected 251 gold pieces.
You spent 70 gold pieces at shops.

Inventory:

Hand Weapons
 a - a +0 long sword (weapon)
Missiles
 m - a throwing net (quivered)
Armour
 b - a +0 scale mail (worn)
 c - a +0 buckler (worn)
Jewellery
 l - a +4 ring of protection (left hand)
 n - a ring of willpower
 q - an amulet of reflection (around neck)
Wands
 o - a wand of polymorph (8)
Scrolls
 d - a scroll of torment {unknown}
 h - 7 scrolls of identify {unknown}
 i - 4 scrolls of fog {unknown}
 j - 6 scrolls of teleportation {unknown}
 k - 4 scrolls of vulnerability {unknown}
 r - a scroll of noise {unknown}
 w - a scroll of enchant armour {unknown}
Potions
 e - a potion of resistance {unknown}
 f - 2 potions of flight {unknown}
 g - a potion of cancellation {unknown}
 p - a potion of curing
 s - 2 potions of degeneration {unknown}
 u - 3 potions of magic {unknown}
 v - a potion of attraction {unknown}
 x - a potion of brilliance {unknown}
 z - 2 potions of lignification {unknown}


   Skills:
 + Level 6.0 Fighting
 * Level 7.2 Long Blades
 + Level 6.0 Armour
 - Level 3.6 Shields


You had 6 spell levels left.
You didn't know any spells.
Your spell library contained the following spells:

 Spells                   Type           Power      Damage    Failure   Level
 Sandblast                Erth           0%         2d4       86%         1
 Slow                     Hex            0%         N/A       86%         1
 Passwall                 Tmut/Erth      0%         N/A       94%         2
 Confusing Touch          Hex            0%         N/A       99%         3
 Stone Arrow              Conj/Erth      0%         3d7       99%         3
 Vampiric Draining        Necr           0%         2d6       99%         3


Dungeon Overview and Level Annotations

Branches:
Dungeon (5/15)
 Temple: D:4-7

Altars:

Shops:
D:2 !


Innate Abilities, Weirdness & Mutations

You have a pair of horns on your head.
You reflexively headbutt those who attack you in melee.


Message History

You barely miss the ice beast.
The ice beast is heavily wounded.
The jelly hits you but does no damage.
The ice beast hits you but does no damage.
You hit the ice beast but do no damage.
The ice beast is heavily wounded.
The jelly closely misses you. You furiously retaliate!
You headbutt the jelly!
The ice beast hits you but does no damage.
You closely miss the ice beast. Your headbutt misses the ice beast.
The ice beast is heavily wounded.
You block the jelly's attack. You block the ice beast's attack.
You hit the ice beast but do no damage.
The ice beast is heavily wounded.
You block the jelly's attack. You block the ice beast's attack.
You closely miss the ice beast. Your headbutt misses the ice beast.
The ice beast is heavily wounded.
The jelly hits you but does no damage. The ice beast misses you.
You barely miss the ice beast.
The ice beast is heavily wounded.
The jelly hits you but does no damage.
The ice beast hits you but does no damage.
You barely miss the ice beast.
The ice beast is heavily wounded.
You block the jelly's attack. You block the ice beast's attack.
You barely miss the ice beast.
The ice beast is heavily wounded.
You block the jelly's attack. The ice beast hits you.
* * * LOW HITPOINT WARNING * * *
The ice beast freezes you.
* * * LOW HITPOINT WARNING * * *
You hit the ice beast.
The ice beast is heavily wounded.
You block the jelly's attack. The ice beast barely misses you.
You hit the ice beast but do no damage.
The ice beast is heavily wounded.
The jelly barely misses you. You block the ice beast's attack.
You feel better. The jelly hits you but does no damage. The ice beast hits you.
* * * LOW HITPOINT WARNING * * *
The ice beast freezes you!
You die...

###### #.# ##...## #
##.###.# ##.....##
###.#.##.#####.......#
##.###.#.............##
..#.....###...........####
##..##..###.###..........#
....#.......# ##..<#####.#
##......#########J.# #.##
###.....# ##..)@..# #..# #
##..######...##Y.# #..# #
#..#......#.....#####..#
####...#.###...##.........##
......###.###.###.#........#
.......#......###.#.##.##..#
.######.####......#.##.##..#
.# #.# #.######.##.##..# .#
#.# #.# #.##.#...#


You could see an ice beast and a jelly.

Vanquished Creatures
  Duvessa (D:4)
  A sky beast (D:4)
  An orc warrior (D:5)
  Blork the orc (D:5)
  2 scorpions
  Dowan (D:4)
  A jelly (D:5)
  An orc wizard (D:4)
  Terence (D:3)
  An adder (D:5)
  An ufetubus (D:4)
  A worm (D:2)
  A dart slug (D:1)
  2 orcs (D:5)
  3 ball pythons
  4 bats
  5 endoplasms
  4 giant cockroaches
  3 goblins
  4 hobgoblins
  3 kobolds
  A quokka (D:2)
  3 frilled lizards (D:1)
  8 rats
54 creatures vanquished.

Vanquished Creatures (others)
  A withered plant (D:1)
1 creature vanquished.

Grand Total: 55 creatures vanquished

Notes
Turn   | Place    | Note
-------+----------+-------------------------------------------
     0 | D:1      | KateM the Minotaur Fighter began the quest for the Orb.
     0 | D:1      | Reached XP level 1. HP: 19/19 MP: 0/0
    17 | D:1      | Found a faded altar of an unknown god.
   295 | D:1      | Reached XP level 2. HP: 27/27 MP: 1/1
   300 | D:1      | Reached skill level 3 in Long Blades
   989 | D:2      | Reached XP level 3. HP: 33/33 MP: 2/2
  1257 | D:2      | Found Kyering's Distillery.
  1260 | D:2      | Bought a potion of heal wounds for 70 gold pieces
  1451 | D:3      | Noticed Terence
  1466 | D:3      | Killed Terence
  1467 | D:3      | Reached skill level 4 in Long Blades
  2135 | D:3      | Reached XP level 4. HP: 40/40 MP: 3/3
  2223 | D:4      | Noticed a sky beast
  2243 | D:4      | Killed a sky beast
  2244 | D:4      | Reached XP level 5. HP: 17/47 MP: 4/4
  2477 | D:4      | Reached skill level 5 in Long Blades
  2507 | D:4      | Reached skill level 5 in Armour
  2510 | D:4      | Reached skill level 5 in Fighting
  2726 | D:4      | Noticed Duvessa
  2729 | D:4      | Noticed Dowan
  2745 | D:4      | Killed Duvessa
  2746 | D:4      | Reached XP level 6. HP: 18/56 MP: 5/5
  2753 | D:4      | Killed Dowan
  2754 | D:4      | Reached skill level 6 in Long Blades
  3337 | D:5      | Entered Level 5 of the Dungeon
  3337 | D:5      | Noticed Blork the orc
  3356 | D:5      | Killed Blork the orc
  3470 | D:5      | Noticed an orc warrior
  3471 | D:5      | Reached XP level 7. HP: 56/62 MP: 6/6
  3500 | D:5      | Reached skill level 7 in Long Blades
  3723 | D:4      | HP: 2/63 [ice beast (5)]
  3726 | D:4      | Mangled by an ice beast

Illustrated notes

Levels and vault maps discovered:
D:1:      lightli_arrival_maybe_door_vault, layout_rooms,
          ebering_ecumenical_altar_petrified
D:2:      layout_loops_cross, serial_shops, shop
D:3:      layout_loops_ring, uniq_terence
D:4:      layout_loops_ring, uniq_duvessa
D:5:      cheibrodos_helix_gallery, layout_loops_cross,
          minmay_chambers_of_fives, uniq_edmund, uniq_blork_the_orc

Skill      XL: |  1  2  3  4  5  6  7 |
---------------+----------------------+-----
Long Blades    | 3 4 5 6 7 |  7.2
Fighting       | 4 5 6 |  6.0
Armour         | 4 5 6 |  6.0
Shields        | |  3.6

Action                   |  1- 3 |  4- 6 |  7- 9 || total
-------------------------+-------+-------+-------++-------
Melee: Long sword        |   100 |    81 |    39 ||   220
       Headbutt          |    12 |    16 |     7 ||    35
  Use: Potion            |       |     1 |     2 ||     3
Armor: Scale mail        |    36 |    30 |    25 ||    91
Dodge: Dodged            |    40 |    27 |    20 ||    87
Block: Buckler           |    29 |    33 |    33 ||    95
       Reflection        |     2 |       |     4 ||     6

Table legend: (Time is in decaauts)
 A = Elapsed time spent in this place.
 B = Non-inter-level travel time spent in this place.
 C = Inter-level travel time spent in this place.
 D = Time resting spent in this place.
 E = Time spent auto-exploring this place.
 F = Levels seen in this place.
 G = Mean time per level.
                   A        B        C        D        E       F      G
               +--------+--------+--------+--------+--------+-----+--------+
         Total |   3772 |   3772 |      0 |    569 |   2534 |   5 |  754.4 |
       Dungeon |   3772 |   3772 |      0 |    569 |   2534 |   5 |  754.4 |
               +--------+--------+--------+--------+--------+-----+--------+

Top non-repeatable levels by time:
     D:4: 1319 daAuts
     D:3: 821 daAuts
     D:2: 716 daAuts
     D:1: 712 daAuts
     D:5: 202 daAuts
